AoeStats
← [HOBO]Drifter

Oasis

509492931Analyzed
3v3 RM · 6d ago on Sep 27, 2026· 47m 40s· 6 players
Game mode
Random Map
Map size
Normal (6 player)
Population
200
Speed
Normal
Resources
Standard
Victory
Conquest
Starting age
Dark Age
Ending age
Imperial Age
RankedLock teamsTeams togetherTeam positionsShared explorationLock speedFull tech treeHidden civsTurbo modeCheats
Victory
Defeat
🇦🇷 Malians · Argentina
1298
+14
🇺🇸 Tatars · United States
1256
+16
🇳🇮 Shu · Nicaragua
1233
+16
🇺🇸 Dravidians · United States
1342
-19
🇩🇪 Tupi · Germany
1209
-14
🇦🇺 Persians · Australia
1189
-13
Gladiator
6:51 Loom
9:20 Feudal Age
9:58 Double-Bit Axe
12:52 Fletching
20:24 Horse Collar
24:13 Castle Age
22:53 Padded Archer Armor
26:28 Bodkin Arrow
32:59 Ballistics
36:19 Gold Mining
39:33 Thumb Ring
43:40 Imperial Age
42:17 Scale Barding Armor
43:00 Leather Archer Armor
44:50 Bracer
Arik 007
7:08 Loom
9:11 Feudal Age
13:34 Fletching
25:57 Castle Age
26:12 Padded Archer Armor
26:01 Double-Bit Axe
26:11 Gold Mining
26:08 Horse Collar
26:34 Bodkin Arrow
26:01 Crossbowman
28:57 Ballistics
36:43 Wheelbarrow
42:53 Imperial Age
43:46 Bracer
43:13 Arbalester
44:13 Bow Saw
45:42 Chemistry
slow_baba
6:49 Loom
9:48 Feudal Age
11:05 Horse Collar
11:45 Scale Barding Armor
14:05 Forging
17:53 Double-Bit Axe
25:36 Castle Age
26:09 Padded Archer Armor
26:50 Chain Barding Armor
27:08 Iron Casting
26:58 Bow Saw
26:49 Heavy Plow
29:08 Husbandry
37:38 Wheelbarrow
36:48 Town Watch
40:38 Imperial Age
42:07 Plate Barding Armor
42:33 Blast Furnace
41:05 Cavalier
47:04 Blast Furnace
47:04 Savar
El batis
6:11 Loom
9:44 Feudal Age
11:00 Double-Bit Axe
18:32 Forging
18:19 Horse Collar
24:47 Castle Age
22:59 Scale Barding Armor
23:24 Gold Mining
24:30 Bloodlines
25:51 Fletching
26:32 Chain Barding Armor
26:29 Husbandry
29:45 Iron Casting
29:09 Town Watch
30:34 Wheelbarrow
38:32 Imperial Age
36:45 Gold Shaft Mining
36:19 Town Patrol
39:10 Hand Cart
40:09 Cavalier
42:05 Farimba
43:51 Heavy Plow
46:32 Crop Rotation
[HOBO]Drifter
2:55 Loom
11:09 Feudal Age
11:56 Double-Bit Axe
16:26 Padded Archer Armor
17:00 Horse Collar
19:08 Fletching
20:02 Gold Mining
22:05 Wheelbarrow
24:53 Castle Age
25:30 Bodkin Arrow
24:57 Crossbowman
27:31 Bow Saw
33:27 Leather Archer Armor
36:00 Heavy Plow
41:40 Imperial Age
40:36 Ballistics
41:14 Hand Cart
42:04 Masonry
44:26 Chemistry
44:45 Bracer
45:31 Conscription
45:49 Heavy Cavalry Archer
47:44 Siege Engineers
48:19 Crop Rotation
EXILE | milval
6:47 Loom
9:49 Feudal Age
10:47 Double-Bit Axe
13:38 Fletching
13:47 Horse Collar
21:20 Castle Age
19:54 Padded Archer Armor
19:55 Gold Mining
21:59 Bodkin Arrow
21:25 Crossbowman
23:17 Bow Saw
23:38 Leather Archer Armor
27:04 Wheelbarrow
26:53 Town Watch
28:08 Elite Skirmisher
29:25 Hand Cart
30:15 Stone Mining
35:30 Imperial Age
33:58 Gold Shaft Mining
33:26 Heavy Plow
33:49 Thumb Ring
34:06 Ballistics
36:17 Bracer
35:39 Arbalester
37:22 Chemistry
36:58 Siege Engineers
37:06 Masonry
37:58 Capped Ram
41:17 Conscription
42:21 Ring Archer Armor
44:13 Two-Man Saw
43:49 Architecture
43:00 Treadmill Crane
43:16 Murder Holes
44:12 Bolt Magazine
44:34 Scale Mail Armor
44:45 Forging
45:37 Siege Ram
Connection lost

Rejoining the realm…

Still unreachable

The connection could not be restored.

Session expired

The server has moved on; the page needs a fresh start.